 Dungeon Crawl Stone Soup version 0.18-a0-1203-gbde16db (webtiles) character file.

2708 namelastname112 the Skirmisher (level 9, -15/73 HPs)
             Began as a Formicid Wanderer on Feb 2, 2016.
             Was a Believer of Cheibriados.
             Demolished by DsMo's ghost (24 damage)
             ... on level 7 of the Dungeon.
             The game lasted 00:13:11 (6842 turns).

namelastname112 the Skirmisher (Formicid Wanderer)  Turns: 6842, Time: 00:13:11

Health: -15/73     AC:  6    Str: 27    XL:     9   Next: 97%
Magic:  10/10      EV: 14    Int: 17    God:    Cheibriados [**....]
Gold:   440        SH:  5    Dex: 15    Spells: 0 memorised, 8 levels left

rFire  . . .     SeeInvis +     a - +2 hand crossbow
rCold  . . .     Gourm    .     M - +2 leather armour of Duipso {Int+2}
rNeg   . . .     Faith    +     h - +0 buckler
rPois  .         Spirit   .     (helmet unavailable)
rElec  .         Dismiss  .     I - +0 cloak
rCorr  .         Reflect  .     (no gloves)
SustAt .         Harm     .     (no boots)
MR     .....                    E - amulet of faith
Stlth  +++.......               (no ring)
                                P - ring of stealth

@: very slow, not resistant to hostile enchantments, fairly stealthy
A: permanent stasis, dig shafts and tunnels, four strong arms, antennae 3
a: Dig, Shaft Self, Bend Time, Renounce Religion


You were on level 7 of the Dungeon.
You worshipped Cheibriados.
Cheibriados was pleased with you.
You were near starving.

You visited 2 branches of the dungeon, and saw 8 of its levels.

You collected 440 gold pieces.

Inventory:

Hand Weapons
 a - a +2 hand crossbow (weapon)
 b - a +1 short sword of venom
 v - a +0 scythe
Missiles
 g - 9 steel bolts
 m - 63 bolts (quivered)
Armour
 h - a +0 buckler (worn)
 r - a +2 large shield
 I - a +0 cloak (worn)
 M - the +2 leather armour of Duipso (worn) {Int+2}
   (You found it on level 5 of the Dungeon)

   It affects your intelligence (+2).
Jewellery
 p - an uncursed amulet of dismissal
 z - an uncursed amulet of magic regeneration
 E - an amulet of faith (around neck)
 P - a ring of stealth (left hand)
Wands
 s - a wand of draining (15/15)
Scrolls
 e - 2 scrolls of fear
 j - a scroll of amnesia
 o - a scroll of identify
 q - a scroll of recharging
 w - a scroll of magic mapping
 B - a scroll of remove curse
Potions
 c - 3 potions of flight
 i - a potion of might
 k - 2 potions of resistance
 l - a potion of magic
 A - a potion of heal wounds {unknown}
 Q - a potion of cure mutation
Books
 y - a book of Death

   Spells                             Type                      Level
   a - Corpse Rot                     Necromancy                   2
   b - Sublimation of Blood           Necromancy                   2
   c - Agony                          Necromancy                   5
   d - Dispel Undead                  Necromancy                   5
   e - Excruciating Wounds            Charms/Necromancy            5
   f - Bolt of Draining               Conjuration/Necromancy       5
Comestibles
 f - 5 bread rations
 n - 5 meat rations
 x - 9 beef jerkies
 C - a slice of pizza
 N - 3 fruits


   Skills:
 + Level 7.6 Fighting
 * Level 5.2 Polearms
 * Level 6.8 Crossbows
 + Level 5.2 Armour
 + Level 4.0 Dodging
 - Level 2.4 Stealth
 + Level 5.1 Shields
 + Level 2.6 Invocations


You had 8 spell levels left.
You didn't know any spells.

Dungeon Overview and Level Annotations

Branches:
Dungeon (7/15)             Temple (1/1) D:6

Altars:
Ashenzari
Cheibriados
Dithmenos
Elyvilon
Makhleb
Nemelex Xobeh
Okawaru
Pakellas
Qazlal
Ru
Sif Muna
Trog
Vehumet
Xom
Yredelemnul
Zin
The Shining One

Shops:
D:7 (

Annotations:
D:7 DsMo's ghost, novice DsMo


Innate Abilities, Weirdness & Mutations

You are under a permanent stasis effect.
You can dig through walls and to a lower floor.
Your four strong arms can wield two-handed weapons with a shield.
You have a pair of large antennae on your head (SInv).


Message History

DsMo's ghost completely misses you.
Firing (i - inventory. (,) - cycle):
m - 65 bolts (quivered)
Press: ? - help, Shift-Dir - straight line, f/p - DsMo's ghost
Aim: DsMo's ghost (severely damaged)
You shoot a bolt.
The bolt hits DsMo's ghost but does no damage.
DsMo's ghost is severely damaged.
DsMo's ghost hits you but does no damage.
DsMo's ghost keens inconsolably.
DsMo's ghost misses you.
Firing (i - inventory. (,) - cycle):
m - 64 bolts (quivered)
Press: ? - help, Shift-Dir - straight line, f/p - DsMo's ghost
Aim: DsMo's ghost (severely damaged)
You shoot a bolt. The bolt barely misses DsMo's ghost.
DsMo's ghost hits you!
* * * LOW HITPOINT WARNING * * *
Are you sure you want to shaft yourself?
You feel quite a bit more hungry.
DsMo's ghost says, "I was once a great warrior, and I still am!"
DsMo's ghost hits you!!
You die...

....# #.(..# ....# #....# ..
....# #.(..# ... ....# #....+....
....### ######'###..... ......#
#..(..........# ......#
+.............# ......#
#..W..........# ......# {
#..@..........# ......#
#.............# ......#
#.............#
......###+####.....>.......#
###...............#'########
..#..............[#........#
..+...............+........#
..#)).............#........#
#'#)..............####...########


You could see DsMo's ghost.

Vanquished Creatures
  Sigmund (D:3)
  Edmund (D:4)
  Duvessa (D:4)
  An orc warrior (D:7)
  2 black bears (D:6)
  2 ice beasts
  4 ogres
  A centaur (D:6)
  The ghost of namelastname112 the Insei, an amateur TeMo (D:3)
  A big kobold (D:7)
  3 giant frogs
  Dowan (D:4)
  4 killer bees (D:7)
  2 scorpions
  5 wights (D:7)
  A crimson imp (D:5)
  A giant frog zombie (D:6)
  2 orc priests (D:4)
  A jelly (D:7)
  Crazy Yiuf (D:4)
  An orc wizard (D:7)
  Terence (D:3)
  3 iguanas
  A worker ant (D:5)
  4 gnolls (D:3)
  8 adders
  An ooze (D:3)
  4 worms
  4 giant geckos
  30 orcs
  A ball python (D:1)
  5 giant cockroaches
  7 goblins
  4 hobgoblins
  3 jackals
  11 kobolds
  5 quokkas
  6 bats
  5 giant newts
  A quokka zombie (D:6)
  6 rats
147 creatures vanquished.

Vanquished Creatures (others)
  A quokka (D:2)
  A giant newt (D:2)
2 creatures vanquished.

Grand Total: 149 creatures vanquished

Notes
Turn   | Place    | Note
--------------------------------------------------------------
     0 | D:1      | namelastname112 the Formicid Wanderer began the quest for the Orb.
     0 | D:1      | namelastname112 set off with: a +2 hand crossbow, 22 bolts, a +0 ring mail, a potion of lignification, a +0 dagger, a bread ration
     0 | D:1      | Reached XP level 1. HP: 21/21 MP: 1/1
   244 | D:1      | Reached XP level 2. HP: 27/27 MP: 2/2
   540 | D:1      | You fall through a shaft!
   621 | D:2      | Reached XP level 3. HP: 32/34 MP: 3/3
   704 | D:2      | Reached skill level 1 in Dodging
   840 | D:2      | Found a radiant altar of Vehumet.
  1121 | D:2      | Reached XP level 4. HP: 40/40 MP: 4/4
  1174 | D:2      | Found a white marble altar of Elyvilon.
  1235 | D:3      | Noticed Terence
  1246 | D:3      | Killed Terence
  1246 | D:3      | Reached skill level 1 in Shields
  1337 | D:3      | Noticed Sigmund
  1345 | D:3      | HP: 1/40 [Sigmund/scythe (9)]
  1346 | D:3      | Killed Sigmund
  1346 | D:3      | Reached skill level 6 in Fighting
  1346 | D:3      | Reached XP level 5. HP: 1/46 MP: 5/5
  1346 | D:3      | Reached XP level 6. HP: 1/52 MP: 6/6
  2110 | D:3      | Noticed an ogre
  2116 | D:3      | Killed an ogre
  2116 | D:3      | Reached skill level 1 in Polearms
  2116 | D:3      | Reached XP level 7. HP: 32/58 MP: 7/7
  2126 | D:3      | Noticed namelastname112's ghost (amateur TeMo)
  2138 | D:3      | Killed namelastname112's ghost
  2920 | D:4      | Found a shimmering altar of Xom.
  2921 | D:4      | Noticed Edmund
  2932 | D:4      | Killed Edmund
  2932 | D:4      | Reached XP level 8. HP: 47/65 MP: 8/8
  2966 | D:4      | Noticed Crazy Yiuf
  3219 | D:4      | Noticed Dowan
  3221 | D:4      | Noticed Duvessa
  3227 | D:4      | Killed Duvessa
  3237 | D:4      | Killed Dowan
  3237 | D:4      | Reached skill level 5 in Crossbows
  3432 | D:4      | Killed Crazy Yiuf
  3639 | D:5      | Entered Level 5 of the Dungeon
  3765 | D:5      | Found a shimmering altar of Xom.
  3985 | D:5      | Found a deep blue altar of Sif Muna.
  4174 | D:5      | Got a dazzling leather armour
  4185 | D:5      | Identified the +2 leather armour of Duipso {Int+2} (You found it on level 5 of the Dungeon)
  4408 | D:6      | Reached skill level 7 in Fighting
  4606 | D:6      | Found a staircase to the Ecumenical Temple.
  4684 | Temple   | Entered the Ecumenical Temple
  4735 | Temple   | Became a worshipper of Cheibriados the Contemplative
  4969 | D:6      | Reached XP level 9. HP: 68/72 MP: 9/9
  5010 | D:6      | Reached skill level 1 in Invocations
  5168 | D:6      | Found a bloodstained altar of Trog.
  5652 | D:7      | Reached * piety under Cheibriados
  5693 | D:7      | Found Anwiu's Antique Weapon Shoppe.
  5778 | D:7      | Reached skill level 5 in Armour
  5868 | D:7      | Reached ** piety under Cheibriados
  5868 | D:7      | Reached skill level 5 in Shields
  6091 | D:7      | Reached skill level 5 in Polearms
  6813 | D:7      | Noticed DsMo's ghost (novice DsMo)
  6842 | D:7      | Demolished by DsMo's ghost

Vault maps used:
D:1:      dpeg_arrival_arbitrary_a
D:2:      fiery_altar_vehumet, elyvilon_altar_4, hangedman_decor_points,
          roderic_lattice_a
D:3:      uniq_terence, uniq_sigmund
D:4:      first_bread, lemuel_tele_altar, uniq_duvessa, uniq_crazy_yiuf_cottage,
          uniq_edmund
D:5:      xom_butterflies, led_sif_pool
D:6:      trog_ov_bears_minmay, minmay_temple_entry_junction
D:7:      serial_shops, shop, grunt_ogre_cave, minmay_misc_feat_encased,
          supply_closet_lemuel, minmay_misc_feat_square
Temple:   circular_temple_12

Action                   |  1- 3 |  4- 6 |  7- 9 || total
-------------------------+-------+-------+-------++-------
Melee: Short sword       |    41 |    52 |   131 ||   224
       Unarmed           |       |       |     6 ||     6
 Fire: Hand crossbow     |    32 |    23 |   246 ||   301
Invok: Bend Time         |       |       |     2 ||     2
 Abil: Shaft Self        |       |       |     1 ||     1
  Use: Scroll            |       |       |    17 ||    17
       Potion            |       |       |     4 ||     4
 Stab: Sleeping          |       |       |     2 ||     2
  Eat: Chunk             |       |     4 |    10 ||    14
       Pizza             |       |       |     1 ||     1
